 Dungeon Crawl Stone Soup version 0.28-a0-245-g639a1a48b9 (webtiles) character file.

Game seed: 2260553675136599452

141690 nfvew the Geomancer (level 17, 0/104 HPs)
             Began as a Gargoyle Earth Elementalist on Aug 25, 2021.
             Was the Champion of Vehumet.
             Slain by a hog (9 damage)
             ... led by Kirke
             ... on level 15 of the Dungeon.
             The game lasted 01:31:48 (32190 turns).

nfvew the Geomancer (Gargoyle Earth Elementalist)  Turns: 32190, Time: 01:31:48

Health: 0/104      AC:  0    Str: 13    XL:     17   Next: 33%
Magic:  2/32       EV: 18    Int: 25    God:    Vehumet [******]
Gold:   1787       SH:  0    Dex: 13    Spells: 10/39 levels left

rFire   . . .      SeeInvis .   (weapon currently unavailable)
rCold   . . .      Faith    .   (shield currently unavailable)
rNeg    + . .      Spirit   .   (armour currently unavailable)
rPois   ∞          Reflect  .   (helmet currently unavailable)
rElec   .          Harm     .   (cloak currently unavailable)
rCorr   .          Rampage  .   (gloves currently unavailable)
Will    +....                   (boots currently unavailable)
Stlth   ++........              H - amulet "Hizxerghe" {RegenMP Int+3 Dex+3}
HPRegen 0.27/turn               (ring currently unavailable)
MPRegen 0.48/turn               (ring currently unavailable)

@: pig-form, studying 2 skills, very quick
A: fast, no casting, sickness immunity, AC +12, small, (big wings), negative
energy resistance 1, (electricity resistance), torment resistance 1,
petrification resistance, (iridescent scales 1), screaming 1
a: Renounce Religion


You were on level 15 of the Dungeon.
You worshipped Vehumet.
Vehumet was exalted by your worship.
You were a filthy swine.
You visited 4 branches of the dungeon, and saw 24 of its levels.
You also visited: Sewer, Bailey and Gauntlet.

You collected 2362 gold pieces.
You spent 575 gold pieces at shops.

Inventory:

Hand Weapons
 K - a +3 morningstar of freezing
 O - a +5 vorpal dire flail (melded)
Missiles
 c - 484 stones
 o - a throwing net
Armour
 k - a scarf of resistance
 r - a +1 troll leather armour {Purgy}
 u - a +1 pair of gloves (melded)
 F - +0 steam dragon scales
 J - a +2 cloak of preservation (melded)
 P - the +5 leather armour of Thoughtfulness (melded) {Dex+6}
   (You found it on level 12 of the Dungeon)

   Dex:       It affects your dexterity (+6).
Jewellery
 i - a +6 ring of intelligence (melded)
 q - the ring "Penej" (melded) {Contam rPois Dex+2 Slay+3 SInv}
   (You found it on level 1 of the Lair of Beasts)

   [ring of see invisible]

   Dex:       It affects your dexterity (+2).
   Slay:      It affects your accuracy & damage with ranged weapons and melee
   (+3).
   rPois:     It protects you from poison.
   SInv:      It lets you see invisible.
   Contam:    It causes magical contamination when unequipped.
 w - a ring of protection from cold
 H - the amulet "Hizxerghe" (around neck) {RegenMP Int+3 Dex+3}
   (You acquired it on level 8 of the Dungeon)

   [amulet of magic regeneration]

   It increases your rate of magic regeneration.
   Int:       It affects your intelligence (+3).
   Dex:       It affects your dexterity (+3).
 M - a ring of protection from fire
Wands
 v - a wand of flame (104)
 I - a wand of digging (16)
 Q - a wand of iceblast (9)
 U - a wand of polymorph (19)
 V - a wand of paralysis (9)
 W - a wand of mindburst (10)
Scrolls
 d - 11 scrolls of teleportation
 h - 3 scrolls of amnesia
 m - a scroll of summoning
 x - 3 scrolls of blinking
 y - 2 scrolls of fear
 A - 4 scrolls of identify
 B - 3 scrolls of magic mapping
 L - a scroll of fog
 S - 2 scrolls of brand weapon
Potions
 b - 4 potions of haste
 f - 2 potions of might
 j - 2 potions of lignification
 l - 2 potions of magic
 n - a potion of invisibility
 t - 2 potions of ambrosia
 z - 6 potions of curing
 C - 4 potions of cancellation
 D - 2 potions of brilliance
 E - 7 potions of heal wounds
 T - 2 potions of resistance
Miscellaneous
 a - a phantom mirror (inert)
 e - a box of beasts (inert)
 G - a tin of tremorstones (inert)
 R - a phial of floods (inert)


   Skills:
 + Level 11.0 Fighting
 + Level 9.9 Maces & Flails
 - Level 6.0 Armour
 + Level 8.6 Dodging
 - Level 2.1 Stealth
 + Level 11.7 Spellcasting
 + Level 11.5 Conjurations
 - Level 0.7 Transmutations
 * Level 11.0 Fire Magic
 + Level 13.2 Earth Magic
 + Level 8.3 Evocations


You had 10 spell levels left.
You knew the following spells:

 Your Spells              Type           Power      Damage    Failure   Level
a - Sandblast             Erth           100%       2d20      0%          1
b - Stone Arrow           Conj/Erth      100%       3d13      1%          3
c - Lee's Rapid Deconstr  Erth           34%        3d18*     1%          5
d - Iron Shot             Conj/Erth      33%        9d7       1%          6
e - Bolt of Magma         Conj/Fire/Erth 32%        4d14      1%          5
f - Mephitic Cloud        Conj/Pois/Air  33%        N/A       1%          3
g - Starburst             Conj/Fire      31%        6d10      1%          6

Your spell library contained the following spells:

 Spells                   Type           Power      Damage    Failure   Level
 Yara's Violent Unravell  Hex/Tmut       8%         3d5       24%         5
 Foxfire                  Conj/Fire      100%       2x1d9     1%          1
 Magic Dart               Conj           100%       1d8       1%          1
 Passwall                 Tmut/Erth      40%        N/A       1%          2
 Static Discharge         Conj/Air       43%        N/A       1%          2
 Dazzling Flash           Conj/Hex       86%        N/A       1%          3
 Ignite Poison            Fire/Tmut/Pois 34%        N/A       1%          3
 Fulminant Prism          Conj/Hex       21%        3d13      1%          4
 Iskenderun's Mystic Bla  Conj/Tloc      43%        2d10      1%          4
 Sticky Flame             Conj/Fire      63%        2d8       1%          4
 Fireball                 Conj/Fire      31%        3d13      1%          5
 Iskenderun's Battlesphe  Conj           64%        2d11      1%          5
 Petrify                  Tmut/Erth      49%        N/A       2%          4
 Blink                    Tloc           N/A        N/A       6%          2
 Call Imp                 Summ           14%        N/A       6%          2
 Corpse Rot               Necr/Air       N/A        N/A       6%          2
 Ensorcelled Hibernation  Hex/Ice        28%        N/A       6%          2
 Borgnjor's Vile Clutch   Necr/Erth      23%        N/A       8%          5
 Spider Form              Tmut/Pois      8%         N/A       11%         3
 Portal Projectile        Hex/Tloc       28%        N/A       12%         3
 Dispel Undead            Necr           14%        3d10      38%         4
 Summon Ice Beast         Ice/Summ       14%        N/A       38%         4
 Lehudib's Crystal Spear  Conj/Erth      33%        10d9      38%         8
 Blade Hands              Tmut           9%         N/A       65%         5
 Alistair's Intoxication  Tmut/Pois      10%        N/A       69%         5
 Agony                    Necr           14%        N/A       75%         5
 Excruciating Wounds      Necr           7%         N/A       75%         5
 Manifold Assault         Tloc           14%        N/A       75%         5
 Silence                  Hex/Air        7%         N/A       75%         5
 Summon Forest            Summ/Tloc      7%         N/A       75%         5
 Summon Mana Viper        Hex/Summ       14%        N/A       75%         5
 Eringya's Noxious Bog    Tmut/Pois      8%         N/A       77%         6
 Death Channel            Necr           7%         N/A       99%         6
 Shadow Creatures         Summ           N/A        N/A       99%         6
 Dragon Form              Tmut           9%         N/A       100%        7
 Monstrous Menagerie      Summ           7%         N/A       100%        7
 Storm Form               Tmut/Air       8%         N/A       100%        7


Dungeon Overview and Level Annotations

Branches:
Dungeon (15/15)            Temple (1/1) D:6            Lair (6/6) D:8
 Shoals (0/4) Lair:3        Snake (0/4) Lair:3        Slime (0/5) Lair:5
    Orc (2/2) D:11            Elf (0/3) Orc:2        Vaults (0/5) D:14
  Sewer (visited)          Bailey (visited)         Gauntlet (visited)
 Depths: D:15

Altars:
Ashenzari
Cheibriados
Dithmenos
Elyvilon
Fedhas
Gozag
Hepliaklqana
Kikubaaqudgha
Makhleb
Nemelex Xobeh
Okawaru
Qazlal
Ru
Trog
Uskayaw
Vehumet
Wu Jian
Xom
Yredelemnul
Zin
The Shining One
Beogh
Jiyva

Shops:
D:4 ?   D:7 *   D:9 =   D:13 =   D:14 **:   Orc:1 :   Orc:2 *==(

Portals:
Trove: D:12 (give +5 fire dragon scales)

Annotations:
D:12 exclusion: 2 doors
D:13 1 runed translucent door, lupus83's ghost, journeyman GrEE
D:15 Agnes; Kirke
Orc:1 3 runed translucent doors, Gunterle's ghost, novice DgFi


Innate Abilities, Weirdness & Mutations

You are a filthy swine.
You move quickly.
Your equipment is almost entirely melded.
You are incapable of wielding weapons or throwing items.
You cannot cast spells.
You are immune to sickness and miasma.
((Your stone body is resilient. (AC +12)))
You are immune to poison.
((Your large and strong wings let you fly.))
You resist negative energy. (rN+)
((You are resistant to electric shocks. (rElec)))
You are resistant to unholy torment.
You are immune to petrification.
((You are partially covered in iridescent scales. (AC +2)))
You occasionally shout uncontrollably at your foes.


Message History

Really fire in your mature weirdshock beast's direction?
Okay, then.
Casting: Sandblast (safe; 0% risk of failure)
Confirm with . or Enter, or press ? or * to list all spells.
Okay, then.
Unknown command.
Casting: Sandblast (safe; 0% risk of failure)
Confirm with . or Enter, or press ? or * to list all spells.
Aiming: Sandblast (safe; 0% risk of failure)
Press: ? - help, Shift-Dir - straight line, f/p - Kirke
Aim: Kirke (almost dead, ally target, 84% to hit)
Really fire in your mature weirdshock beast's direction?
The blast of sand hits Kirke!
Kirke is almost dead.
The hog bites you but does no damage.
Kirke points at you and mumbles some strange words.
You turn into a filthy swine.
Your +5 vorpal dire flail melds into your body.
Your +2 cloak of preservation melds into your body.
Your +1 pair of gloves melds into your body.
The +5 leather armour of Thoughtfulness {Dex+6} melds into your body.
The ring "Penej" {Contam rPois Dex+2 Slay+3 SInv} melds into your body.
Your +6 ring of intelligence melds into your body.
You feel stupid. The sphinx hits you! x3
Unknown command.
Unknown command.
Unknown command.
Unknown command.
Unknown command.
The hog barely misses you. Kirke hits you!
* * * LOW HITPOINT WARNING * * *
The sphinx hits you!
* * * LOW HITPOINT WARNING * * *
The sphinx hits you.
* * * LOW HITPOINT WARNING * * *
The sphinx hits you.
* * * LOW HITPOINT WARNING * * *
The hog closely misses you. The hog bites you!
You die...

### #.....####
........#.########
............#....##
..........^.......#
.......##.........#
........#........##
........#....h....#
.........##..Hh...#
........###..@h...#
..........†.H.....#
...........h.#.......
.........[)..##.......
...........### .....##
...........# ..####
............# ..#
......#....#.. ##


You could see Kirke (ally target), a sphinx (summoned), 3 hogs and a friendly
mature weirdshock beast (summoned).

Vanquished Creatures
  Jorgrun (D:15)
  A sphinx (D:12)
  A fire giant (D:15)
  An iron dragon (D:12)
  A stone giant (D:12)
  Nessos (D:12)
  A minotaur (Gauntlet)
  3 ettins (D:12)
  4 vault guards (D:14)
  12 hydras
  3 catoblepae
  5 boulder beetles
  3 centaur warriors
  An ogre mage (Orc:1)
  4 two-headed ogres
  2 tengu warriors
  A death yak (Lair:2)
  2 death scarabs (Gauntlet)
  An orc high priest (Orc:1)
  Urug (Lair:6)
  Nergalle (D:11)
  A spectral death yak (Gauntlet)
  A flayed ghost (D:12)
  A spectral hydra (Gauntlet)
  A deep elf pyromancer (D:12)
  8 orc knights
  3 wizards
  A necromancer (Lair:4)
  An oklob plant (Lair:1)
  An orc sorcerer (Orc:1)
  8 ugly things
  3 cyclopes
  9 black mambas
  Maurice (D:8)
  A manticore (D:11)
  Joseph (D:7)
  14 cane toads
  2 gargoyles
  A torpor snail (Lair:2)
  A torpor snail (shapeshifter) (D:15)
  A komodo dragon (shapeshifter) (D:13)
  4 rime drakes
  A minotaur zombie (Gauntlet)
  3 kobold demonologists
  17 komodo dragons
  2 tengu conjurers
  2 trolls
  7 polar bears
  A polar bear (shapeshifter) (D:13)
  A wolf spider simulacrum (D:15)
  Prince Ribbit (D:7)
  26 blink frogs
  A slime creature (D:13)
  2 hornets (Lair:6)
  5 dream sheep
  A spectral black mamba (Gauntlet)
  10 wyverns
  10 spriggans (Lair:6)
  2 wraiths
  9 basilisks
  2 water elementals (D:11)
  8 humans (D:14)
  A spectral komodo dragon (Gauntlet)
  2 vampires
  75 yaks
  6 steam dragons
  4 vampire mosquitoes
  Menkaure (D:7)
  4 wargs (Orc:2)
  4 nagas (Lair:3)
  3 acid dragons
  18 water moccasins
  Purgy (Sewer)
  53 orc warriors
  A sky beast (D:7)
  4 black bears
  21 wolves
  A necrophage (D:6)
  19 centaurs
  11 ogres
  5 boggarts (Lair:6)
  6 kobold brigands
  11 bullfrogs
  A gnoll sergeant (D:9)
  2 scorpions
  A water moccasin zombie (D:5)
  A wyvern skeleton (D:6)
  10 killer bees
  16 wights
  8 electric eels
  11 howler monkeys
  3 hounds
  3 centaur zombies
  13 orc priests
  4 jellies
  Crazy Yiuf (D:2)
  4 bullfrog skeletons
  Jessica (D:2)
  A centaur skeleton (D:7)
  Terence (D:2)
  3 iguanas
  Natasha (thrice) (D:2)
  17 orc wizards
  6 polar bear simulacra (Lair:4)
  A yak simulacrum (Lair:4)
  2 wolf simulacra (Lair:4)
  A hound skeleton (D:4)
  2 howler monkey zombies
  21 gnolls
  8 adders
  3 shadow imps
  3 white imps
  2 worms
  2 dart slugs
  105 orcs
  3 ball pythons
  3 endoplasms
  2 giant cockroaches
  9 goblins
  9 hobgoblins
  14 jackals (D:4)
  21 kobolds
  A quokka (D:1)
  6 bats
  4 frilled lizards
  2 rats
  2 river rat simulacra (Lair:4)
  A bush (Lair:2)
813 creatures vanquished.

Vanquished Creatures (others)
  24 demonic plants (Gauntlet)
  30 fungi
  86 plants
140 creatures vanquished.

Grand Total: 953 creatures vanquished

Notes
Turn   | Place    | Note
-------+----------+-------------------------------------------
     0 | D:1      | nfvew the Gargoyle Earth Elementalist began the quest for
                  | the Orb.
     0 | D:1      | Reached XP level 1. HP: 10/10 MP: 3/3
   315 | D:1      | Reached skill level 4 in Earth Magic
   315 | D:1      | Reached XP level 2. HP: 8/15 MP: 3/5
   655 | D:1      | Found a faded altar of an unknown god.
  1040 | D:2      | Noticed Terence
  1045 | D:2      | Reached XP level 3. HP: 18/19 MP: 2/7
  1273 | D:2      | Noticed Jessica
  1290 | D:2      | Killed Jessica
  1291 | D:2      | Reached XP level 4. HP: 24/24 MP: 4/8
  1491 | D:2      | Learned a level 3 spell: Stone Arrow
  1629 | D:2      | Noticed Natasha
  1634 | D:2      | Killed Natasha
  1635 | D:2      | Reached skill level 5 in Earth Magic
  1739 | D:2      | Reached skill level 1 in Conjurations
  2132 | D:2      | Noticed Natasha
  2135 | D:2      | Killed Natasha
  2136 | D:2      | Reached XP level 5. HP: 28/28 MP: 7/10
  2277 | D:2      | Found a runed translucent door.
  2278 | D:2      | Noticed Crazy Yiuf
  2335 | D:2      | Killed Crazy Yiuf
  2674 | D:2      | Noticed Natasha
  2684 | D:2      | Killed Natasha
  2856 | D:2      | Killed Terence
  2940 | D:3      | Reached XP level 6. HP: 17/32 MP: 7/12
  3157 | D:3      | Reached skill level 6 in Earth Magic
  3337 | D:3      | Learned a level 3 spell: Mephitic Cloud
  3913 | D:3      | Found a sacrificial altar of Ru.
  3970 | D:3      | Found a glowing golden altar of the Shining One.
  4357 | D:4      | Found Ehehunn's Magic Scroll Boutique.
  4381 | D:4      | Bought a scroll of magic mapping for 49 gold pieces
  4418 | D:4      | Found a glowing drain.
  4431 | Sewer    | Entered a sewer
  4553 | Sewer    | Noticed Purgy
  4558 | Sewer    | Killed Purgy
  4559 | Sewer    | Reached XP level 7. HP: 36/36 MP: 0/13
  5135 | D:4      | Reached skill level 7 in Earth Magic
  5213 | D:4      | Reached skill level 1 in Armour
  5223 | D:4      | Reached skill level 1 in Maces & Flails
  5224 | D:4      | Reached skill level 1 in Fighting
  5273 | D:4      | Reached XP level 8. HP: 43/43 MP: 10/15
  5440 | D:4      | Reached skill level 5 in Spellcasting
  5658 | D:4      | Bought a scroll of identify for 28 gold pieces
  5658 | D:4      | Bought a scroll of blinking for 105 gold pieces
  5658 | D:4      | Bought a scroll of identify for 28 gold pieces
  5658 | D:4      | Bought a scroll of identify for 28 gold pieces
  5684 | D:5      | Entered Level 5 of the Dungeon
  5974 | D:5      | Found a sparkling altar of Nemelex Xobeh.
  6470 | D:6      | Reached skill level 5 in Conjurations
  6494 | D:6      | Reached XP level 9. HP: 43/49 MP: 0/17
  6948 | D:6      | Reached skill level 8 in Earth Magic
  7014 | D:6      | Found a staircase to the Ecumenical Temple.
  7027 | Temple   | Entered the Ecumenical Temple
  7240 | Temple   | Became a worshipper of Vehumet
  7802 | D:7      | Noticed Menkaure
  7807 | D:7      | Killed Menkaure
  7972 | D:7      | Noticed Joseph
  7989 | D:7      | Killed Joseph
  8331 | D:7      | Noticed Prince Ribbit
  8348 | D:7      | Killed Prince Ribbit
  8518 | D:7      | Reached skill level 1 in Evocations
  8571 | D:7      | Reached XP level 10. HP: 58/58 MP: 19/19
  8695 | D:7      | Found a white marble altar of Elyvilon.
  8826 | D:7      | Found Poclomye's General Store.
  8834 | D:7      | Bought a potion of invisibility for 112 gold pieces
  8905 | D:7      | Learned a level 5 spell: Bolt of Magma
  9344 | D:8      | Identified a scroll of acquirement
  9344 | D:8      | Acquired the amulet "Hizxerghe" {RegenMP Int+3 Dex+3}
  9515 | D:8      | Noticed a +0 dagger
  9518 | D:8      | Noticed a +0 dagger
  9520 | D:8      | Found a hide-covered altar of Uskayaw.
  9589 | D:8      | Found a staircase to the Lair.
  9606 | D:8      | Reached * piety under Vehumet
  9606 | D:8      | Offered knowledge of Freeze by Vehumet.
  9614 | D:8      | Reached skill level 5 in Fighting
  9615 | D:8      | Reached skill level 5 in Armour
 10186 | D:9      | Noticed Maurice
 10186 | D:9      | Noticed a kobold demonologist
 10190 | D:9      | Killed a kobold demonologist
 10191 | D:9      | Reached skill level 9 in Earth Magic
 10199 | D:8      | Killed Maurice
 10477 | D:9      | Noticed a gargoyle
 10480 | D:9      | Killed a gargoyle
 10496 | D:9      | Found Kuzori Cebang's Jewellery Shoppe.
 10569 | D:9      | Found a shimmering altar of Xom.
 10718 | D:9      | Reached skill level 5 in Maces & Flails
 10718 | D:9      | Reached XP level 11. HP: 64/64 MP: 21/21
 10794 | D:9      | Offered knowledge of Shock by Vehumet.
 10797 | D:9      | Reached ** piety under Vehumet
 11194 | D:9      | Found a broken altar of Ashenzari.
 11280 | D:10     | Entered Level 10 of the Dungeon
 11487 | D:10     | Noticed a two-headed ogre
 11490 | D:10     | Killed a two-headed ogre
 11490 | D:10     | Offered knowledge of Frozen Ramparts by Vehumet.
 11491 | D:10     | Reached skill level 5 in Dodging
 11592 | D:10     | Reached *** piety under Vehumet
 11644 | D:10     | Noticed a two-headed ogre
 11648 | D:10     | Killed a two-headed ogre
 11649 | D:10     | Reached skill level 10 in Earth Magic
 11665 | D:10     | Found a bloodstained altar of Trog.
 11672 | D:10     | Found an ancient bone altar of Kikubaaqudgha.
 11677 | D:10     | Found a burning altar of Makhleb.
 11940 | D:11     | Noticed a two-headed ogre
 11940 | D:11     | Noticed a brown ugly thing
 11948 | D:10     | Killed a brown ugly thing
 12024 | D:11     | Noticed Nergalle
 12024 | D:11     | Found a staircase to the Orcish Mines.
 12028 | D:11     | Killed Nergalle
 12072 | D:11     | Reached skill level 1 in Fire Magic
 12222 | D:11     | Reached XP level 12. HP: 66/71 MP: 23/23
 12225 | D:11     | Offered knowledge of Airstrike by Vehumet.
 12609 | D:11     | Killed a two-headed ogre
 12789 | D:11     | Gained mutation: You occasionally shout uncontrollably at
                  | your foes. [potion of mutation]
 12789 | D:11     | Gained mutation: You are partially covered in iridescent
                  | scales. (AC +2) [potion of mutation]
 12976 | D:12     | Noticed a boulder beetle
 13124 | D:12     | Found a portal to a secret trove of treasure.
 13230 | D:12     | Killed a boulder beetle
 13288 | D:12     | Noticed a four-headed hydra
 13292 | D:12     | Killed a four-headed hydra
 13336 | D:12     | Noticed a two-headed ogre
 13340 | D:12     | Killed a two-headed ogre
 13340 | D:12     | Reached **** piety under Vehumet
 13670 | D:12     | Learned a level 5 spell: Lee's Rapid Deconstruction
 13747 | D:12     | Noticed Nessos
 13753 | D:12     | Killed Nessos
 13754 | D:12     | Reached skill level 5 in Evocations
 14084 | D:12     | Noticed an iron dragon
 14084 | D:12     | Noticed a stone giant
 14084 | D:12     | Noticed a catoblepas
 14085 | D:12     | Noticed an ettin
 14085 | D:12     | Found a runed translucent door.
 14087 | D:12     | Noticed a sphinx
 14087 | D:12     | Noticed an ettin
 14087 | D:12     | Noticed an ettin
 14096 | D:12     | Killed a sphinx
 14096 | D:12     | Killed an ettin
 14096 | D:12     | Offered knowledge of Freezing Cloud by Vehumet.
 14096 | D:12     | Killed a stone giant
 14096 | D:12     | Killed an ettin
 14096 | D:12     | Killed an ettin
 14096 | D:12     | Killed a catoblepas
 14097 | D:12     | Reached skill level 5 in Fire Magic
 14097 | D:12     | Reached skill level 11 in Earth Magic
 14097 | D:12     | Reached XP level 13. HP: 39/78 MP: 25/25
 14110 | D:12     | Killed an iron dragon
 14148 | D:12     | Identified the +3 scale mail of the Catfish {+Blink Int-5
                  | Dex+4}
 14156 | D:12     | Got the Compendium of Transformation
 14159 | D:12     | Identified the +5 leather armour of Thoughtfulness {Dex+6}
 14890 | D:13     | Found Daucrefu's Jewellery Shop.
 15083 | D:13     | Found a runed translucent door.
 15097 | D:13     | Noticed lupus83's ghost (journeyman GrEE)
 16403 | D:14     | Found Quynaaq's General Store.
 16556 | D:14     | Found Hihuutwiyde's Assorted Antiques.
 16572 | D:14     | Bought a sedimented red potion for 27 gold pieces
 16582 | D:14     | Bought a scroll of enchant armour for 135 gold pieces
 16582 | D:14     | Bought a scroll of fear for 63 gold pieces
 16650 | D:14     | Found Jelaol's Book Shoppe.
 16951 | D:14     | Gained mutation: Your large and strong wings let you fly.
                  | [Gargoyle growth]
 16951 | D:14     | Reached XP level 14. HP: 76/84 MP: 17/26
 16953 | D:14     | Reached ***** piety under Vehumet
 17069 | D:14     | HP: 4/84 [vault guard (2)]
 17072 | D:14     | Offered knowledge of Ozocubu's Refrigeration by Vehumet.
 17526 | D:14     | Found a gate to the Vaults.
 17699 | D:14     | Reached skill level 10 in Conjurations
 18252 | Lair:1   | Entered Level 1 of the Lair of Beasts
 18296 | Lair:1   | Found a gate leading to a gauntlet.
 18341 | Gauntlet | Entered a Gauntlet
 18341 | Gauntlet | Found a transporter.
 18341 | Gauntlet | Found a transporter.
 18341 | Gauntlet | Found a transporter.
 18361 | Gauntlet | Found a transporter.
 18381 | Gauntlet | Found a transporter.
 18392 | Gauntlet | Found a transporter.
 18398 | Gauntlet | Found a transporter.
 18406 | Gauntlet | Found a transporter.
 18423 | Gauntlet | Found a transporter.
 18431 | Gauntlet | Found a transporter.
 18449 | Gauntlet | Found a transporter.
 18476 | Gauntlet | Found a transporter.
 18950 | Gauntlet | Identified the +5 scimitar of Intuition {speed, rF+ rCorr
                  | MP+9 Dex-2}
 18950 | Gauntlet | Identified the +8 scale mail of Epenanacs {rF+ rC+ rN+
                  | Dex+3}
 18970 | Gauntlet | Reached skill level 12 in Earth Magic
 19750 | Lair:1   | Identified the ring "Penej" {Contam rPois Dex+2 Slay+3
                  | SInv}
 21524 | Lair:2   | Found the +7 Spriggan's Knife {stab, EV+4 Stlth+}
 21529 | Lair:2   | Reached XP level 15. HP: 91/92 MP: 16/28
 21534 | Lair:2   | Reached skill level 10 in Spellcasting
 21534 | Lair:2   | Reached XP level 16. HP: 96/96 MP: 18/30
 22396 | Lair:3   | Offered knowledge of Iskenderun's Battlesphere by Vehumet.
 22524 | Lair:3   | Identified the +2 robe "Tedaulog" {rN+}
 22739 | Lair:3   | You are sucked into a shaft and drop 1 floor!
 24019 | Lair:3   | Found a staircase to the Snake Pit.
 24151 | Lair:3   | Found a staircase to the Shoals.
 24888 | Lair:5   | Reached skill level 10 in Fighting
 25095 | Lair:5   | Offered knowledge of Fireball by Vehumet.
 25553 | Lair:5   | Found a runed translucent door.
 25553 | Lair:5   | Found a viscous altar of Jiyva.
 25554 | Lair:5   | Found a staircase to the Slime Pits.
 25934 | Lair:5   | Reached skill level 10 in Fire Magic
 26255 | Lair:6   | Entered Level 6 of the Lair of Beasts
 26769 | Lair:6   | Noticed Urug
 26775 | Lair:6   | Killed Urug
 28089 | Lair:6   | Reached skill level 13 in Earth Magic
 28362 | Orc:1    | Entered Level 1 of the Orcish Mines
 28441 | Orc:1    | Found a flagged portal.
 28455 | Bailey   | Entered a bailey
 28567 | Bailey   | Reached ****** piety under Vehumet
 28794 | Bailey   | Offered knowledge of Starburst by Vehumet.
 29242 | Bailey   | Reached XP level 17. HP: 103/103 MP: 32/32
 29324 | Bailey   | Acquired the Reference Book on Attacks
 29333 | Bailey   | Learned a level 6 spell: Iron Shot
 29619 | Orc:1    | Learned a level 6 spell: Starburst
 29627 | Orc:1    | Found a runed translucent gate.
 29628 | Orc:1    | Found a runed translucent gate.
 29631 | Orc:1    | Found a runed translucent gate.
 29644 | Orc:1    | Noticed Gunterle's ghost (novice DgFi)
 30106 | Orc:1    | You are sucked into a shaft and drop 1 floor!
 30106 | Orc:2    | Entered Level 2 of the Orcish Mines
 30356 | Orc:1    | Found Ingen's Book Shop.
 30875 | Orc:2    | Found a staircase to the Elven Halls.
 30932 | Orc:2    | Found Diahun's Assorted Antiques.
 30933 | Orc:2    | Found Keofuudgh's Jewellery Shop.
 30967 | Orc:2    | Offered knowledge of Yara's Violent Unravelling by Vehumet.
 31422 | Orc:2    | Found Unnuas's Jewellery Emporium.
 31457 | Orc:2    | Found Zeceuscho's Weapon Shop.
 32016 | D:15     | Entered Level 15 of the Dungeon
 32016 | D:15     | Noticed Agnes
 32016 | D:15     | Noticed Kirke
 32168 | D:15     | Noticed Jorgrun
 32176 | D:15     | Killed Jorgrun
 32186 | D:15     | Noticed a sphinx
 32190 | D:15     | Slain by a hog

Illustrated notes

Levels and vault maps discovered:
D:1:      minmay_arrival_radiant_lines, layout_basic,
          hellmonk_ecumenical_altar_crossroads
D:2:      layout_basic, chequers_arboretum, uniq_jessica, uniq_natasha,
          uniq_crazy_yiuf_cottage, uniq_terence
D:3:      layout_loops_ring, nicolae_overflow_hidden_temple
D:4:      lemuel_castle_with_subvaults [lemuel_castle_interior_carwin_2],
          layout_rooms, serial_shops, shop_scrolls, cheibrodos_sewer_entry_bend
D:5:      layout_loops_ring, mainiacjoe_overflow_chevrons
D:6:      layout_loops_ring, minmay_temple_entry_butterflies
D:7:      layout_cave_pods, elyvilon_altar_1, serial_shops, shop, uniq_menkaure,
          uniq_joseph, uniq_prince_ribbit1
D:8:      layout_basic, dancing_weapons_uskayaw, david_lair_generic
D:9:      kennysheep_steamy, layout_long_grid, marbit_many_paths,
          lemuel_doored_altar, serial_shops, shop, uniq_maurice
D:10:     layout_roguey, minmay_overflow_temple_star_quad
D:11:     layout_basic, uniq_nergalle
D:12:     minmay_gate_of_8, layout_grid_maze, nicolae_trove_entry_columns,
          kennysheep_dice, uniq_nessos
D:13:     kennysheep_spiral_hall, layout_basic, ebering_ghost_reflecting_pool,
          minmay_shop_enchanted_jewellery, minmay_puff
D:14:     layout_loops_corners, ximxim_vaults_locker_room,
          hangedman_decor_diamond_cutter, serial_shops, nicolae_shop_waterfront,
          nicolae_shop_stone, kennysheep_little_box
D:15:     hangedman_depths_entry_try_elsewhere_first, layout_cave_pools,
          serial_shops, shop, uniq_agnes, uniq_jorgrun, uniq_kirke
Temple:   minmay_temple_forest_path
Lair:1:   layout_cave_pods, gauntlet_entry_generic, minivault_25,
          beast_lair_carwin_8, grunt_megastairs_4, minmay_lair_oklob_chamber
Lair:2:   nzn_winding_woodlands_large [nzn_winding_woodlands_5x5_cross,
          nzn_winding_woodlands_5x15_river_crossing,
          nzn_winding_woodlands_5x5_open_star,
          nzn_winding_woodlands_center_lodge,
          nzn_winding_woodlands_15x15_eel_pit,
          nzn_winding_woodlands_center_pierced_h,
          nzn_winding_woodlands_5x5_closed_star,
          nzn_winding_woodlands_5x15_lazy_stream,
          nzn_winding_woodlands_hourglass], layout_cave_pods,
          infiniplex_staircase_pool_2
Lair:3:   layout_gridlike, minmay_shoals_entry_centaurs,
          minmay_snake_entry_guardpost_small
Lair:4:   layout_loops_ring, eino_house_with_fridge
Lair:5:   layout_cave_pods, slime_altar_2, serial_bayou_shore_b,
          lemuel_fruit_fields
Lair:6:   minmay_lair_end_enchanted_forest, layout_cave_pods,
          serial_bayou_lagoon_a, uniq_urug
Orc:1:    layout_caves, basic_altar, serial_shops, shop, gammafunk_ghost_split,
          enter_bailey_3, mines4_lemuel
Orc:2:    st_orc_town, layout_diamond_mine

Skill      XL: |  1  2  3  4  5  6  7  8  9 10 11 12 13 14 15 16 17 |
---------------+----------------------------------------------------+-----
Earth Magic    | 4 5 6 7 8 9 10 11 12 13 | 13.2
Spellcasting   | 3 4 5 6 7 8 9 10 11 | 11.7
Conjurations   | 1 2 3 4 5 6 7 8 9 10 11 | 11.5
Armour         | 1 3 4 5 6 |  6.0
Maces & Flails | 1 2 3 5 6 7 8 9 |  9.9
Fighting       | 1 2 4 5 6 8 9 10 11 | 11.0
Dodging        | 2 3 4 5 6 7 8 |  8.6
Evocations     | 1 2 4 5 6 7 8 |  8.3
Fire Magic     | 1 5 7 9 10 11 | 11.0
Stealth        | |  2.1
Transmutations | |  0.7

Action                   |  1- 3 |  4- 6 |  7- 9 | 10-12 | 13-15 | 16-18 || total
-------------------------+-------+-------+-------+-------+-------+-------++-------
Melee: Unarmed           |    13 |       |       |       |       |       ||    13
       Dagger            |    12 |    82 |   156 |   146 |    21 |       ||   417
       Mace              |       |    38 |       |       |       |       ||    38
       Dire flail        |       |       |       |       |   144 |   662 ||   806
 Cast: Sandblast         |    19 |    37 |    87 |   148 |     9 |    38 ||   338
       Stone Arrow       |       |     9 |    31 |    89 |     4 |    32 ||   165
       Bolt of Magma     |       |       |       |    14 |   106 |    95 ||   215
       Lee's Rapid Decon |       |       |       |     7 |    27 |    59 ||    93
       Iron Shot         |       |       |       |       |       |    18 ||    18
Evoke: Wand              |       |       |     5 |    16 |     7 |     9 ||    37
       Phial of floods   |       |       |       |       |     2 |     1 ||     3
       Tin of tremorston |       |       |       |       |       |     2 ||     2
       Box of beasts     |       |       |       |       |       |     1 ||     1
       Phantom mirror    |       |       |       |       |       |     1 ||     1
  Use: Scroll            |       |     9 |    11 |     9 |     9 |     6 ||    44
       Potion            |       |     1 |       |     6 |     5 |       ||    12
 Stab: Sleeping          |     2 |     3 |     2 |       |     1 |     3 ||    11
       Distracted        |       |       |       |       |       |     1 ||     1
Armor: Robe              |     7 |    74 |       |       |       |       ||    81
       Troll leather arm |       |       |    74 |   145 |       |       ||   219
       Leather armour    |       |       |       |       |   144 |   354 ||   498
Dodge: Dodged            |     8 |   100 |   113 |   188 |   183 |   815 ||  1407

Table legend: (Time is in decaauts)
 A = Elapsed time spent in this place.
 B = Non-inter-level travel time spent in this place.
 C = Inter-level travel time spent in this place.
 D = Time resting spent in this place.
 E = Time spent auto-exploring this place.
 F = Levels seen in this place.
 G = Mean time per level.
                   A        B        C        D        E       F      G
               +--------+--------+--------+--------+--------+-----+--------+
         Total |  32087 |  30599 |   1488 |   3041 |  21615 |  27 | 1188.4 |
       Dungeon |  18004 |  16962 |   1042 |   1602 |  12188 |  15 | 1200.3 |
        Temple |    286 |    205 |     81 |      0 |    194 |   1 |  286.0 |
          Lair |   8943 |   8684 |    259 |    499 |   6790 |   6 | 1490.5 |
  Orcish Mines |   2634 |   2529 |    105 |    201 |   1604 |   2 | 1317.0 |
         Sewer |    325 |    325 |      0 |      0 |    260 |   1 |  325.0 |
        Bailey |    862 |    862 |      0 |    271 |    242 |   1 |  862.0 |
      Gauntlet |   1030 |   1030 |      0 |    468 |    337 |   1 | 1030.0 |
               +--------+--------+--------+--------+--------+-----+--------+

Top non-repeatable levels by time:
    D:13: 2004 daAuts
  Lair:6: 1903 daAuts
  Lair:2: 1810 daAuts
    D:14: 1784 daAuts
     D:2: 1574 daAuts
    D:12: 1560 daAuts
  Lair:5: 1433 daAuts
     D:4: 1373 daAuts
   Orc:2: 1366 daAuts
  Lair:3: 1359 daAuts
     D:1: 1351 daAuts
     D:7: 1312 daAuts
     D:8: 1292 daAuts
  Lair:1: 1272 daAuts
   Orc:1: 1268 daAuts
